 Dungeon Crawl Stone Soup version 0.26-a0-854-gdc81c2f471 (webtiles) character file.

Game seed: 6601654056270740756

77 Decritt the Firebug (level 4, -7/35 HPs)
             Began as a Draconian Fire Elementalist on Nov 24, 2020.
             Mangled by Crazy Yiuf
             ... wielding a +2 quarterstaff of chaos
              (11 damage)
             ... on level 2 of the Dungeon.
             The game lasted 00:08:54 (2525 turns).

Decritt the Firebug (Draconian Fire Elementalist)   Turns: 2525, Time: 00:08:54

Health: -7/35      AC:  5    Str: 11    XL:     4   Next: 14%
Magic:  2/8        EV: 12    Int: 22    God:
Gold:   90         SH:  0    Dex: 11    Spells: 7/8 levels left

rFire    . . .     SeeInvis +   s - +0 flail (drain)
rCold    . . .     Faith    .   (no shield)
rNeg     . . .     Spirit   .   (armour unavailable)
rPois    .         Reflect  .   (helmet restricted)
rElec    .         Harm     .   (no cloak)
rCorr    .         Rampage  .   (no gloves)
MR       .....                  (no boots)
Stlth    ++........             (no amulet)
HPRegen  0.11/turn              k - ring of see invisible
MPRegen  0.11/turn              r - +6 ring of intelligence

@: lightly drained
A: unfitting armour, cold-blooded, AC +5
a: no special abilities


You were on level 2 of the Dungeon.
You visited 1 branch of the dungeon, and saw 2 of its levels.

You collected 90 gold pieces.

Inventory:

Hand Weapons
 s - a +0 flail of draining (weapon)
Missiles
 o - 53 sling bullets
Jewellery
 k - a ring of see invisible (left hand)
 r - a +6 ring of intelligence (right hand)
Scrolls
 a - a scroll of amnesia {unknown}
 d - a scroll of enchant armour {unknown}
 j - 2 scrolls of remove curse
 l - 3 scrolls of teleportation
 m - a scroll of enchant weapon {unknown}
Potions
 b - a potion of cancellation {unknown}
 c - a potion of flight
 e - 3 potions of haste
 f - a potion of might
 g - a potion of degeneration {unknown}
 h - a potion of berserk rage {unknown}
 i - a potion of resistance
 p - a potion of brilliance {unknown}
 q - a potion of invisibility {unknown}


   Skills:
 - Level 1.1(0.9) Fighting
 - Level 2.1(1.8) Dodging
 - Level 1.7(1.4) Stealth
 * Level 2.7(2.4) Spellcasting
 * Level 2.1(1.8) Conjurations
 * Level 3.5(3.2) Fire Magic


You had 7 spell levels left.
You knew the following spells:

 Your Spells              Type           Power        Failure   Level
a - Foxfire               Conj/Fire      ##..         4%          1

Your spell library contained the following spells:

 Spells                   Type           Power        Failure   Level
 Conjure Flame            Conj/Fire      ##......     14%         3
 Inner Flame              Hex/Fire       #.......     21%         3
 Sticky Flame             Conj/Fire      ##......     41%         4
 Fireball                 Conj/Fire      ##........   77%         5


Dungeon Overview and Level Annotations

Branches:
Dungeon (2/15)

Altars:

Annotations:
D:2 Crazy Yiuf


Innate Abilities, Weirdness & Mutations

Your plain brown scales are hard. (AC +5)
You cannot fit into any form of body armour.
You are cold-blooded and may be slowed by cold attacks.


Message History

Crazy Yiuf burns you.
* * * LOW HITPOINT WARNING * * *
The foxfire hits Crazy Yiuf.
Crazy Yiuf resists.
Crazy Yiuf is severely wounded.
The foxfire hits Crazy Yiuf but does no damage.
Crazy Yiuf is severely wounded.
Casting: Foxfire (safe; 4% risk of failure)
Confirm with . or Enter, or press ? or * to list all spells.
You conjure some foxfire!
Crazy Yiuf hits you with a +2 quarterstaff of chaos!
* * * LOW HITPOINT WARNING * * *
You feel drained.
* * * LOW HITPOINT WARNING * * *
The foxfire hits Crazy Yiuf but does no damage.
Crazy Yiuf is severely wounded.
The foxfire hits Crazy Yiuf.
Crazy Yiuf resists.
Crazy Yiuf is severely wounded.
Crazy Yiuf says, "Crazy?
Crazy!?
PORCUPINE!"
Crazy Yiuf hits you with a +2 quarterstaff of chaos!
You die...

#.# #.(. #.# #..†
#.# ##.. #.# #..
#.# #.. #.###♣♣
### #.. #...#.♣♣
♣♣#).)# #..
#..g...♣♣♣♣)'.).#
#..
##..@...♣..♣#..)#
##. ##§#.)♣.♣♣♣
### #. ###♣♣♣♣♣
#. ##. #.. ###


You could see Crazy Yiuf (resistant).

Vanquished Creatures
  3 adders (D:2)
  2 worms (D:2)
  3 dart slugs (D:1)
  A leopard gecko (D:2)
  A ball python (D:2)
  A giant cockroach (D:1)
  5 goblins
  10 hobgoblins
  2 bats
  6 frilled lizards
  A kobold (D:2)
  5 rats
40 creatures vanquished.

Vanquished Creatures (others)
  110 foxfires
110 creatures vanquished.

Grand Total: 150 creatures vanquished

Notes
Turn   | Place    | Note
-------+----------+-------------------------------------------
     0 | D:1      | Decritt the Draconian Fire Elementalist began the quest for
                  | the Orb.
     0 | D:1      | Reached XP level 1. HP: 14/14 MP: 3/3
   678 | D:1      | Reached XP level 2. HP: 20/20 MP: 3/5
  1367 | D:2      | Reached XP level 3. HP: 27/27 MP: 3/6
  1752 | D:2      | Reached skill level 1 in Fighting
  2118 | D:2      | Reached XP level 4. HP: 35/35 MP: 5/8
  2443 | D:2      | Found a runed translucent door.
  2444 | D:2      | Noticed Crazy Yiuf
  2525 | D:2      | Mangled by Crazy Yiuf

Illustrated notes

Levels and vault maps discovered:
D:1:      psy_arrival_terrarium, layout_rooms, st_stairs_2
D:2:      layout_basic, uniq_crazy_yiuf_cottage

Skill      XL: |  1  2  3 |
---------------+----------+-----
Dodging        | 2 |  2.1
Fighting       | 1 |  1.1
Conjurations   | 2 |  2.1
Stealth        | |  1.7
Spellcasting   | |  2.7
Fire Magic     | |  3.5

Action                   |  1- 3 |  4- 6 || total
-------------------------+-------+-------++-------
Melee: Dagger            |     5 |       ||     5
       Flail             |     3 |       ||     3
 Fire: Hunting sling     |     5 |       ||     5
 Cast: Foxfire           |    60 |    11 ||    71
  Use: Scroll            |     5 |     1 ||     6
Armor: Skin              |     4 |     1 ||     5
Dodge: Dodged            |     9 |     3 ||    12

Table legend: (Time is in decaauts)
 A = Elapsed time spent in this place.
 B = Non-inter-level travel time spent in this place.
 C = Inter-level travel time spent in this place.
 D = Time resting spent in this place.
 E = Time spent auto-exploring this place.
 F = Levels seen in this place.
 G = Mean time per level.
                   A        B        C        D        E       F      G
               +--------+--------+--------+--------+--------+-----+--------+
         Total |   2522 |   2500 |     22 |   1034 |    958 |   2 | 1261.0 |
       Dungeon |   2522 |   2500 |     22 |   1034 |    958 |   2 | 1261.0 |
               +--------+--------+--------+--------+--------+-----+--------+

Top non-repeatable levels by time:
     D:1: 1360 daAuts
     D:2: 1162 daAuts
